Map: King Sejong Station LE

Players

Fropez - Winner!

  • Race: Protoss Protoss
  • League: Silver
  • Spawn Location: 5:00

Firetamer

  • Race: Zerg Zerg
  • League: Silver
  • Spawn Location: 11:00

VOD

Have the link to the VOD?

Description

Time

  • Played on: June 15, 2016, 1:27 p.m.
  • Length: 10:48
Show
View Real Time Build Order
Export as new Build Order

Fropez Protoss - Winner!

Build Orders: Mass Adepts 

Get SALT Encoding   

  12  0:01  Probe (Chrono Boost)  
  13  0:19  Pylon, Probe (Chrono Boost)  
  14  0:40  Gateway  
  14  0:46  Probe (Chrono Boost)  
  14  0:48  Pylon  
  15  0:51  Assimilator  
  15  0:56  Probe (Chrono Boost)  
  16  1:07  Probe (Chrono Boost)  
  17  1:20  Gateway  
  17  1:21  Pylon  
  17  1:24  Probe (Chrono Boost)  
  18  1:33  Cybernetics Core  
  18  1:35  Probe (Chrono Boost)  
  19  1:46  Probe (Chrono Boost)  
  20  1:56  Probe (Chrono Boost)  
  21  2:02  Gateway  
  21  2:07  Probe (Chrono Boost)  
  22  2:11  Warp Gate (Chrono Boost)  
  22  2:17  Adept x2  
  22  2:20  Assimilator  
  22  2:22  Probe (Chrono Boost)  
  27  2:44  Adept x2  
  30  2:51  Probe  
  31  3:00  Pylon  
  33  3:05  Mothership Core  
  33  3:18  Forge  
  33  3:21  Gateway  
  33  3:23  Adept x2  
  33  3:26  Adept  
  35  3:43  Probe  
  36  3:51  Protoss Ground Weapons Level 1 (Chrono Boost)  
  32  3:55  Probe  
  32  3:57  Twilight Council  
  33  4:08  Probe  
  33  4:09  Adept x2  
  38  4:10  Adept  
  40  4:35  Nexus  
  40  4:41  Resonating Glaives  
  40  4:45  Probe  
  41  4:56  Adept  
  41  4:57  Probe  
  41  4:59  Adept  
  46  5:09  Pylon  
  46  5:13  Pylon  
  46  5:14  Probe  
  47  5:27  Probe  
  48  5:33  Adept x2  
  48  5:34  Adept  
  54  5:41  Probe  
  55  5:53  Probe x2  
  57  6:00  Adept x2  
  61  6:21  Probe  
  61  6:23  Probe  
  61  6:24  Adept  
  61  6:25  Adept x2  
  43  6:54  Charge  
  43  6:56  Pylon  
  43  6:57  Zealot, Protoss Ground Weapons Level 2 (Chrono Boost)  
  43  6:58  Zealot x2  
  43  7:00  Probe  
  43  7:01  Probe  
  50  7:02  Assimilator  
  50  7:06  Assimilator  
  51  7:11  Probe  
  52  7:30  Probe  
  52  7:31  Probe  
  52  7:33  Zealot  
  52  7:34  Zealot x2  
  54  7:40  Probe  
  54  7:43  Probe  
  56  7:45  Dark Shrine  
  56  7:48  Gateway  
  56  7:51  Probe  
  56  7:52  Pylon, Gateway  
  56  7:55  Zealot x3  
  56  7:56  Probe  
  64  8:03  Probe  
  64  8:05  Pylon  
  65  8:07  Pylon  
  65  8:08  Probe  
  65  8:11  Pylon  
  66  8:14  Gateway  
  66  8:17  Probe  
  67  8:24  Zealot x3  
  67  8:26  Probe  
  74  8:32  Probe  
  74  8:39  Probe  
  75  8:42  Probe  
  75  8:44  Gateway  
  75  8:48  Adept x5  
  84  8:51  Probe  
  84  8:53  Probe  
  88  8:56  Pylon  
  88  9:12  Dark Templar  
  88  9:13  Dark Templar x3  
  96  9:53  Dark Templar x2  
  96  9:54  Dark Templar x4  
  96  10:33  Dark Templar x4  
Show
View Real Time Build Order
Export as new Build Order

Firetamer Zerg 

Build Orders: Hatch First 

Get SALT Encoding   

  12  0:01  Drone  
  13  0:11  Drone  
  14  0:18  Overlord  
  14  0:45  Hatchery  
  14  0:47  Drone  
  14  0:49  Drone  
  15  0:58  Drone  
  15  1:04  Extractor  
  15  1:13  Spawning Pool  
  14  1:39  Drone x3  
  17  2:02  Drone  
  17  2:04  Queen x2  
  22  2:12  Zergling x8  
  26  2:17  Metabolic Boost  
  26  2:25  Overlord  
  26  2:32  Drone  
  26  2:33  Drone  
  28  3:03  Zergling x8  
  32  3:07  Hatchery  
  31  3:13  Drone  
  29  3:43  Zergling x12  
  34  3:50  Overlord x2  
  34  3:52  Overlord  
  34  3:57  Drone x2  
  36  4:22  Evolution Chamber  
  35  4:25  Evolution Chamber  
  35  4:30  Zergling x12  
  35  4:31  Zergling x6  
  43  4:44  Drone  
  43  4:45  Drone  
  45  5:05  Drone x3  
  48  5:12  Zergling x4  
  48  5:13  Zergling x8  
  54  5:19  Drone  
  54  5:21  Drone x3  
  58  5:31  Zerg Melee Weapons Level 1  
  58  5:33  Zerg Ground Armor Level 1  
  58  5:34  Lair  
  58  5:38  Zergling x2  
  58  5:39  Zergling x4  
  61  5:43  Overlord  
  61  6:05  Zergling x2  
  61  6:06  Zergling x14  
  61  6:07  Zergling x2  
  70  6:19  Drone  
  70  6:24  Extractor  
  70  6:33  Infestation Pit  
  50  6:55  Zergling x6  
  50  6:56  Zergling x14  
  50  6:57  Zergling x12  
  59  7:42  Drone x3  
  62  7:46  Zergling x12  
  62  7:47  Zergling x12  
  74  7:55  Hive  
  74  8:08  Zerg Ground Armor Level 2  
  74  8:09  Zerg Melee Weapons Level 2  
  74  8:23  Overlord x3  
  74  9:06  Adrenal Glands  
  74  9:13  Ultralisk Cavern  
  73  9:17  Extractor  
  73  9:19  Extractor, Drone  
  73  9:20  Drone x6  
  73  9:21  Drone x3  
  73  9:23  Drone x3  
  84  9:31  Drone x3  
  84  9:32  Drone x2  
  84  9:33  Drone  
  61  10:16  Zergling x4  
  61  10:17  Zergling x18  
  61  10:18  Zergling x14  
  61  10:19  Zergling x2  
Tags
 
Composition
Mass Adepts
Matchup
PvZ
Replay Pack
All Mines
Spawn Locations
Cross Positions
Add a new tag
Caveats
  • Supply blocks, unpowered buildings, or Contaminate may cause inaccurate times.
  • Supply counts are checked every 10 seconds.